Map: Nightshade LE

Players

SUPERsKILLER - Winner!

  • Race: Terran Terran
  • League: Diamond
  • Spawn Location: 5:00

llllllllllII

  • Race: Terran Terran
  • League: Master
  • Spawn Location: 11:00

VOD

Have the link to the VOD?

Description

Time

  • Played on: Dec. 7, 2019, 6:46 p.m.
  • Length: 24:43
Show
View Real Time Build Order
Export as new Build Order

SUPERsKILLER Terran - Winner!

Build Orders:  

Get SALT Encoding   

  12  0:01  SCV  
  13  0:14  SCV  
  14  0:18  Supply Depot  
  14  0:26  SCV  
  15  0:40  SCV  
  15  0:42  Barracks  
  16  0:52  SCV  
  16  0:53  Refinery  
  17  1:04  SCV  
  18  1:08  Barracks  
  18  1:16  SCV  
  19  1:25  Refinery  
  19  1:28  SCV  
  19  1:32  Supply Depot  
  19  1:39  Reaper  
  20  1:46  Orbital Command  
  20  1:58  Reaper  
  21  2:11  Reaper  
  22  2:19  SCV  
  23  2:26  Factory  
  23  2:29  Marine  
  23  2:31  SCV  
  25  2:43  SCV, Marine  
  27  2:51  Marine  
  28  2:55  SCV  
  29  3:01  Marine  
  29  3:20  SCV  
  29  3:25  Factory Tech Lab  
  29  3:28  Starport  
  29  3:32  SCV  
  30  3:44  SCV  
  31  3:50  Barracks Reactor, Siege Tank, Barracks Tech Lab  
  34  3:58  Command Center  
  34  4:06  Starport Reactor  
  34  4:09  Barracks  
  34  4:12  Combat Shield  
  34  4:13  Marine  
  35  4:22  Siege Tank  
  38  4:30  Marine  
  39  4:36  Supply Depot  
  39  4:40  Supply Depot  
  39  4:58  Marine x2, Viking x2  
  39  4:59  Marine x2  
  47  5:16  Siege Tank  
  46  5:27  Marine x4  
  46  5:28  Supply Depot x2  
  50  5:33  Viking  
  52  5:45  Marine x2  
  52  5:55  Marine  
  54  5:57  Viking  
  55  6:08  Marine x2  
  51  6:13  Marine  
  47  6:23  Siege Tank  
  45  6:26  Marine x2  
  47  6:40  Viking  
  49  6:55  Siege Tank  
  49  6:56  Marine x2  
  54  7:27  Siege Tank  
  57  7:47  Orbital Command  
  57  7:49  Marine x2  
  57  7:50  Barracks Tech Lab  
  59  7:58  Command Center  
  59  7:59  Siege Tank  
  59  8:01  Barracks  
  59  8:02  Barracks  
  56  8:30  Marine x2  
  56  8:31  Viking x2  
  62  8:37  Marine, Siege Tank  
  66  8:48  Marine x2  
  68  9:01  Marine x2  
  70  9:09  Marine x3, Siege Tank  
  76  9:11  Orbital Command  
  76  9:19  Stimpack  
  70  9:54  Marine x2  
  70  9:55  Marine x3  
  70  9:57  Siege Tank  
  70  9:59  Orbital Command  
  77  10:19  Viking  
  79  10:38  SCV x2  
  81  10:50  SCV  
  81  10:53  Marine x5  
  83  11:04  Siege Tank  
  82  11:10  Marine  
  82  11:11  Marine  
  84  11:16  Medivac x2  
  86  11:25  Marine  
  86  11:26  Marine x2  
  86  11:28  Marine  
  86  11:29  Marine  
  91  11:32  Supply Depot  
  91  11:34  SCV x2  
  91  11:37  Refinery  
  91  11:39  Supply Depot  
  93  11:41  Supply Depot  
  93  11:54  SCV, Marine  
  95  12:03  Viking x2  
  91  12:20  Marine x5  
  96  12:33  Viking x2  
  96  12:35  Siege Tank  
  103  12:38  Marine x4  
  103  12:39  Marauder  
  108  12:55  Marine  
  108  12:56  Marine  
  110  13:00  Marauder  
  110  13:05  SCV  
  110  13:06  SCV x2  
  110  13:07  Siege Tank  
  110  13:09  Marine, Refinery  
  117  13:13  Supply Depot  
  117  13:14  Marine x3  
  115  13:36  Viking x2  
  115  13:39  Siege Tank  
  111  14:00  Marine x2  
  111  14:01  Marauder, Marine x2  
  113  14:09  Medivac x2  
  117  14:13  Orbital Command  
  117  14:18  Marine x3  
  117  14:19  Starport  
  117  14:22  Marauder  
  122  14:39  Viking  
  107  15:26  Marauder, Marine x4  
  93  15:43  Marine  
  93  15:44  Marine  
  93  15:47  Marauder  
  75  15:50  Liberator x2, Marine x2  
  77  16:01  Marine x2  
  79  16:06  Widow Mine  
  79  16:08  Marine x2, Viking  
  79  16:09  Marauder  
  93  16:19  Marine  
  94  16:27  Widow Mine  
  94  16:30  Marauder  
  91  16:33  Refinery  
  91  16:34  Refinery  
  89  16:47  Liberator x2  
  89  16:51  Marauder  
  83  17:01  Marine x3  
  83  17:02  Marine  
  83  17:05  Viking  
  83  17:06  Siege Tank  
  100  17:19  Marine  
  101  17:32  Marine, Engineering Bay x2  
  101  17:34  Barracks Reactor  
  101  17:36  Barracks Reactor, Marine  
  101  17:37  Marine  
  101  17:39  Siege Tank  
  101  17:42  Medivac  
  107  17:59  Marauder, Marine x2  
  107  18:04  Medivac  
  113  18:11  Siege Tank  
  115  18:17  Marine x2  
  112  18:43  Siege Tank  
  99  19:06  Marauder, Marine x2  
  99  19:07  Marine x4  
  78  19:24  Marine  
  78  19:28  Marauder  
  78  19:29  Marine  
  62  19:49  Marauder  
  62  19:51  Marine x4  
  62  19:52  Marine x2  
  70  19:53  SCV x2  
  70  19:54  SCV  
  70  19:58  Terran Infantry Weapons Level 1  
  70  19:59  Terran Infantry Armor Level 1  
  73  20:01  Siege Tank  
  73  20:03  Medivac x3  
  82  20:08  Barracks  
  82  20:10  Barracks  
  82  20:11  Marauder  
  84  20:16  Marine x3  
  84  20:17  Marine x3  
  90  20:32  Marauder  
  90  20:33  Siege Tank  
  90  20:34  Marine  
  96  20:39  Marine x4  
  96  20:40  Marine  
  101  20:49  Starport Reactor  
  101  20:52  Marine  
  101  20:53  Marauder  
  101  20:54  Armory  
  105  20:57  Marine x2  
  105  20:59  Barracks Reactor  
  105  21:00  Barracks Reactor  
  106  21:05  Siege Tank  
  109  21:15  Marauder  
  111  21:44  Marauder, Marine x2  
  104  22:04  Orbital Command  
  104  22:05  Marauder  
  98  22:33  Marine x2  
  98  22:34  Marauder, Marine x8  
  98  22:36  Siege Tank  
  113  22:37  Viking  
  113  22:38  Viking x3  
  121  22:46  Terran Vehicle Weapons Level 1  
  121  22:50  SCV  
  122  22:51  Marine x3  
  122  22:55  Marauder  
  122  22:56  Refinery  
  127  23:31  Marine x4  
  127  23:32  Marine x2  
  133  23:36  Marine x3  
  136  24:11  Marine x5  
  136  24:16  Supply Depot  
  141  24:18  Supply Depot  
  141  24:25  Marine  
  141  24:29  SCV  
  141  24:31  SCV  
Show
View Real Time Build Order
Export as new Build Order

llllllllllII Terran 

Build Orders: Mech 

Get SALT Encoding   

  12  0:04  SCV  
  13  0:16  SCV  
  14  0:28  SCV  
  14  0:29  Supply Depot  
  15  0:37  Refinery  
  15  0:51  SCV  
  15  0:53  Barracks  
  16  1:01  Supply Depot  
  16  1:03  SCV  
  17  1:15  SCV  
  18  1:27  SCV  
  19  1:39  SCV  
  20  1:42  Factory  
  20  1:47  Bunker  
  20  1:51  SCV  
  20  1:53  Refinery  
  21  2:01  Reaper  
  21  2:03  SCV  
  23  2:21  Orbital Command  
  23  2:32  Factory Tech Lab  
  23  2:33  Marine  
  23  2:34  Barracks  
  24  2:51  Marine  
  25  2:55  SCV  
  26  3:00  Supply Depot  
  26  3:03  Supply Depot  
  23  3:33  Siege Tank  
  26  3:36  Marine  
  27  3:47  Marine  
  28  3:53  Marine  
  29  4:05  Siege Tank, Engineering Bay  
  32  4:18  Marine  
  32  4:20  SCV  
  34  4:47  Siege Tank  
  37  4:58  Missile Turret  
  35  5:19  Siege Tank  
  38  5:33  Missile Turret  
  38  5:51  Cyclone  
  40  6:23  Cyclone  
  43  6:38  SCV  
  44  6:45  Factory  
  44  6:47  Factory  
  44  6:50  SCV, Missile Turret  
  45  7:36  Command Center, Cyclone  
  45  7:57  Command Center, Factory Tech Lab x2  
  45  8:01  SCV  
  46  8:13  SCV  
  46  8:48  Cyclone x2  
  52  8:51  Orbital Command  
  52  8:57  Supply Depot  
  52  8:58  Supply Depot  
  52  9:00  Supply Depot  
  46  9:19  Widow Mine  
  46  9:20  Cyclone x2  
  54  9:31  Armory  
  54  9:32  Supply Depot  
  54  9:33  Supply Depot  
  51  9:40  Widow Mine  
  53  9:52  Cyclone x2  
  56  10:11  Widow Mine  
  56  10:12  SCV  
  59  10:16  SCV  
  60  10:24  SCV  
  60  10:28  SCV  
  62  10:31  Siege Tank x2  
  62  10:33  Widow Mine  
  70  10:36  SCV  
  70  10:38  SCV  
  70  10:40  SCV  
  71  10:50  SCV  
  71  10:52  SCV  
  71  10:54  Hellion  
  75  11:15  Hellion  
  77  11:26  SCV  
  77  11:29  Siege Tank x2  
  84  11:37  Widow Mine  
  84  11:38  SCV  
  87  11:58  SCV, Widow Mine, Missile Turret  
  87  12:00  Missile Turret  
  86  12:10  SCV  
  86  12:22  SCV  
  86  12:27  Thor x2  
  86  12:28  Missile Turret  
  86  12:29  SCV  
  99  12:41  SCV  
  100  12:50  Command Center  
  88  13:10  Thor  
  88  13:12  Marine  
  94  13:13  Factory  
  94  13:15  Barracks  
  92  13:30  Marine  
  70  14:03  SCV  
  70  14:05  Refinery  
  70  14:07  SCV  
  70  14:15  SCV, Factory Tech Lab  
  71  14:17  Siege Tank x2  
  71  14:19  SCV  
  78  14:25  Supply Depot x2  
  78  14:30  Supply Depot  
  79  14:31  SCV  
  79  14:38  Refinery  
  79  14:39  Planetary Fortress  
  79  14:43  SCV  
  80  14:49  Siege Tank  
  83  14:55  SCV  
  53  15:49  Thor  
  47  15:50  Thor x2  
  47  15:55  SCV  
  66  15:57  Refinery  
  66  15:59  Refinery  
  66  16:02  Starport  
  66  16:06  Thor x3  
  66  16:07  SCV  
  61  17:07  SCV  
  62  17:09  Fusion Core  
  62  17:19  SCV  
  63  17:27  Siege Tank  
  70  17:30  Hellion x2  
  70  17:31  SCV  
  71  17:39  Sensor Tower  
  72  17:48  Orbital Command  
  72  17:49  Starport Tech Lab  
  75  17:51  Hellion x2  
  75  17:59  Hellion  
  77  18:18  Thor  
  57  19:07  Siege Tank x3  
  29  19:39  Siege Tank x3  
  32  19:48  SCV  
  33  20:00  SCV  
  34  20:09  Command Center  
  34  20:36  Missile Turret  
  34  20:37  Orbital Command  
  34  20:39  Sensor Tower  
  34  20:41  Widow Mine  
  34  20:42  Widow Mine x2  
  46  20:50  SCV  
  47  21:01  SCV  
  47  21:02  SCV  
  49  21:14  SCV  
  37  21:26  SCV  
  33  21:38  SCV  
  32  21:50  SCV  
  33  21:56  Orbital Command  
  30  22:04  SCV  
  30  22:06  Siege Tank  
  30  22:07  Siege Tank x2  
  37  22:16  SCV  
  22  22:26  SCV  
  22  22:28  SCV  
  23  22:34  SCV  
  23  22:39  SCV  
  23  22:40  SCV  
  25  22:46  SCV  
  25  22:47  Barracks  
  25  22:51  SCV  
  27  22:52  SCV  
  28  23:03  SCV  
  28  23:04  SCV  
  30  23:16  SCV  
  30  23:18  Hellion  
  30  23:19  Hellion x2  
  38  23:21  Starport  
  37  23:28  SCV  
  36  23:40  Hellion x3  
  33  24:01  Hellion x3  
Tags
 
Composition
Mech
Matchup
TvT
Race
Terran
Spawn Locations
Cross Positions
Add a new tag
Caveats
  • Supply blocks, unpowered buildings, or Contaminate may cause inaccurate times.
  • Supply counts are checked every 10 seconds.